 Dungeon Crawl Stone Soup version 0.30.0-29-ga12c61a403 (webtiles) character file.

Game seed: 8400380826757720541

21315 DildoBatman the Thaumaturge (level 13, -1/85 (94) HPs)
             Began as a Formicid Conjurer on June 7, 2023.
             Was a High Priest of Kikubaaqudgha.
             Slain by a polar bear (4 damage)
             ... in an ice cave.
             The game lasted 00:45:43 (12102 turns).

DildoBatman the Thaumaturge (Formicid Conjurer)    Turns: 12102, Time: 00:45:44

HP:   -1/85 (94)    AC:  9    Str: 17    XL:     13   Next: 19%
MP:   21/36         EV: 13    Int: 21    God:    Kikubaaqudgha [*****.]
Gold: 1148          SH: 12    Dex: 11    Spells: 14/32 levels left

rFire   . . .        a - +3 shortbow
rCold   + + .        O - +2 buckler
rNeg    . . .        V - +2 robe {rC+}
rPois   .            (helmet unavailable)
rElec   .            (no cloak)
rCorr   .            h - +0 pair of gloves
SInv    +            E - +2 pair of boots "Ruitiox" {Rampage rC+}
Will    ++...        (no amulet)
Stlth   ++           d - ring of willpower
HPRegen 0.34/turn    D - ring of magical power
MPRegen 0.25/turn

%: rampage
@: drained
A: permanent stasis, dig shafts and tunnels, antennae 3, four strong arms, large
bone plates 1, strong 1, MP-powered wands
a: Dig, Renounce Religion, Unearth Wretches, Torment


You were in an ice cave.
You worshipped Kikubaaqudgha.
Kikubaaqudgha was extremely pleased with you.
You visited 3 branches of the dungeon, and saw 14 of its levels.
You also visited: Ice Cave.

You collected 1148 gold pieces.

Inventory:

Hand Weapons
 a - a +3 shortbow (weapon)
 b - a +4 falchion of freezing
Missiles
 e - 6 datura-tipped darts
 i - 8 boomerangs
 j - 11 poisoned darts
 t - 6 silver javelins
 U - 4 javelins
Armour
 h - a +0 pair of gloves (worn)
 E - the +2 pair of boots "Ruitiox" (worn) {Rampage rC+}
   (You found it on level 8 of the Dungeon)

   rC:        It protects you from cold.
   Rampage:   It bestows one free step when moving towards enemies.
 O - a +2 buckler (worn)
 V - a +2 robe of cold resistance (worn)
Magical Staves
 c - a staff of cold
 w - a staff of poison
 R - a staff of earth
Jewellery
 d - a ring of willpower (left hand)
 D - a ring of magical power (right hand)
Wands
 I - a wand of flame (57)
Scrolls
 m - a scroll of amnesia {unknown}
 n - a scroll of butterflies {unknown}
 o - 2 scrolls of enchant armour {unknown}
 p - a scroll of enchant weapon {unknown}
 q - 5 scrolls of immolation
 u - 4 scrolls of brand weapon {unknown}
 y - a scroll of noise {unknown}
 C - a scroll of magic mapping
 F - 4 scrolls of blinking {unknown}
 K - a scroll of torment {unknown}
 N - 3 scrolls of fear
 P - a scroll of silence {unknown}
 S - a scroll of poison {unknown}
Potions
 f - 2 potions of degeneration {unknown}
 g - 3 potions of lignification
 k - 5 potions of cancellation
 l - a potion of haste {unknown}
 r - 6 potions of curing
 s - 2 potions of invisibility {unknown}
 v - a potion of flight {unknown}
 x - 3 potions of heal wounds
 B - 2 potions of brilliance
 G - a potion of berserk rage {unknown}
 H - 3 potions of magic
 J - a potion of mutation
 M - 4 potions of might
 T - 2 potions of resistance {unknown}
Miscellaneous
 A - a phial of floods
 L - a lightning rod (4/4)


   Skills:
 * Level 6.5 Fighting
 - Level 4.0 Ranged Weapons
 * Level 6.5 Armour
 * Level 4.5 Dodging
 - Level 4.0 Stealth
 - Level 9.0 Shields
 - Level 10.0 Spellcasting
 - Level 6.0 Conjurations
 - Level 9.0 Necromancy
 * Level 2.8 Air Magic
 - Level 9.0 Earth Magic
 * Level 4.7 Poison Magic


You had 14 spell levels left.
You knew the following spells:

 Your Spells              Type           Power      Damage    Failure   Level
a - Searing Ray           Conj           70%        2d7       1%          2
b - Stone Arrow           Conj/Erth      84%        3d12      1%          3
c - Magic Dart            Conj           100%       1d8       1%          1
d - Vampiric Draining     Necr           48%        2d9       1%          3
e - Mephitic Cloud        Conj/Pois/Air  29%        N/A       3%          3
h - Dispel Undead         Necr           48%        3d18      1%          4
z - Sublimation of Blood  Necr           48%        N/A       1%          2

Your spell library contained the following spells:

 Spells                   Type           Power      Damage    Failure   Level
 Kiss of Death            Conj/Necr      100%       2d13      1%          1
 Necrotise                Necr           100%       1d9       1%          1
 Momentum Strike          Conj/Tloc      46%        3d9       3%          2
 Dazzling Flash           Conj/Hex       46%        N/A       7%          3
 Slow                     Hex            40%        N/A       8%          1
 Call Imp                 Summ           20%        N/A       12%         2
 Lesser Beckoning         Tloc           20%        N/A       12%         2
 Anguish                  Hex/Necr       14%        N/A       12%         4
 Animate Armour           Summ/Erth      58%        N/A       12%         4
 Confusing Touch          Hex            10%        N/A       22%         3
 Fulminant Prism          Conj/Hex       11%        3d9       22%         4
 Iskenderun's Mystic Bla  Conj/Tloc      23%        2d6       22%         4
 Death Channel            Necr           24%        N/A       28%         6
 Cause Fear               Hex            5%         N/A       58%         4
 Simulacrum               Ice/Necr       14%        N/A       88%         6
 Enfeeble                 Hex            5%         N/A       100%        7
 Lehudib's Crystal Spear  Conj/Erth      21%        10d6      100%        8
 Blink                    Tloc           Unusable   N/A       N/A         2

Dungeon Overview and Level Annotations

Branches:
Dungeon (12/15)            Temple (1/1) D:7            Lair (0/5) D:8
    Orc (1/2) D:12          IceCv (1/1)

Altars:
Ashenzari
Cheibriados
Dithmenos
Elyvilon
Fedhas
Gozag
Hepliaklqana
Kikubaaqudgha
Makhleb
Nemelex Xobeh
Okawaru
Qazlal
Ru
Sif Muna
Trog
Uskayaw
Vehumet
Wu Jian
Xom
Yredelemnul
Zin
The Shining One

Annotations:
D:7 3 runed translucent doors, puyas's ghost, novice NaVM


Innate Abilities, Weirdness & Mutations

You cannot be hasted, slowed, berserked, paralysed or teleported.
You can dig through walls and to a lower floor.
You have a pair of large antennae on your head. (SInv)
Your four strong arms can wield two-handed weapons with a shield.
You are partially covered in large bone plates. (SH +4)
Your muscles are strong. (Str +4, Int/Dex -1)
You expend magic power (3 MP) to strengthen your wands.


Message History

The polar bear closely misses you. You block the polar bear's attack.
Casting: Searing Ray (safe; 1% risk of failure)
Confirm with . or Enter, or press ? or * to list all spells.
Aiming: Searing Ray (safe; 1% risk of failure)
Press: ? - help, Shift-Dir - straight line, f - yak, p - death yak
Aim: a yak (heavily wounded, 88% to hit)
The searing ray misses the polar bear.
The searing ray hits the death yak!
The death yak is moderately wounded.
The searing ray hits the yak!
The yak is moderately wounded.
The searing ray misses the yak. (Press . to maintain the ray.)
The polar bear bites you but does no damage.
The polar bear claws you but does no damage.
The polar bear misses you.
The searing ray hits the polar bear!
The polar bear is almost dead.
The searing ray hits the death yak but does no damage.
The death yak is moderately wounded.
The searing ray hits the yak.
The yak is moderately wounded.
The polar bear bites you!! The polar bear claws you.
You block the polar bear's attack. The polar bear bites you!!
You block the polar bear's attack. The polar bear claws you.
The searing ray hits the polar bear but does no damage.
The polar bear is almost dead.
The searing ray hits the death yak.
The death yak is moderately wounded.
The searing ray hits the yak.
The yak is heavily wounded.
The searing ray hits the yak!
The yak is severely wounded.
The polar bear bites you.
You die...
Kikubaaqudgha rasps: "You have failed me!
Welcome... death!"

### ##@#
##h##
####Y##
##..Y##
##..∩Y.##
#.......#
#...∩...#
##.....##
##..Y##


You could see a death yak, a polar bear (berserk) and 2 yaks.

Vanquished Creatures
  Gastronok (D:11)
  Fannar (D:12)
  5 two-headed ogres
  Urug (D:12)
  Lodul (D:12)
  Pikel (D:4)
  An orc sorcerer (Orc:1)
  2 deep elf pyromancers (D:12)
  An ugly thing (D:12)
  3 cyclopes
  A manticore (D:11)
  An elephant (D:8)
  A rime drake (IceCv)
  A kobold demonologist (D:12)
  A komodo dragon (D:12)
  A polar bear (IceCv)
  3 trolls
  Prince Ribbit (D:6)
  2 shadows
  15 yaks
  2 wyverns
  A vampire (D:12)
  Grum (D:8)
  2 vampire mosquitoes (D:12)
  A steam dragon (D:9)
  A warg (Orc:1)
  A water moccasin (D:8)
  3 black bears
  8 orc warriors
  2 ice beasts
  2 sky beasts (D:7)
  4 wolves
  10 ogres
  2 phantoms (D:6)
  5 centaurs
  A lemure (D:4)
  5 kobold brigands
  2 bullfrogs
  A gnoll sergeant (D:9)
  2 scorpions
  20 wights
  A howler monkey (D:10)
  7 electric eels
  2 hounds
  10 orc priests
  A sleepcap (D:5)
  2 iguanas (D:5)
  Natasha (thrice) (D:3)
  18 orc wizards
  5 gnolls (D:9)
  6 adders
  2 shadow imps
  4 white imps (Orc:1)
  An ufetubus (D:7)
  A worm (D:2)
  2 dart slugs
  34 orcs
  7 ball pythons
  8 endoplasms
  4 giant cockroaches
  11 hobgoblins
  3 jackals (D:4)
  28 kobolds
  6 quokkas
  5 bats
  2 frilled lizards
  6 goblins
  A rat (D:1)
300 creatures vanquished.

Notes
Turn   | Place    | Note
-------+----------+-------------------------------------------
     0 | D:1      | DildoBatman the Formicid Conjurer began the quest for the
                  | Orb.
     0 | D:1      | Reached XP level 1. HP: 13/13 MP: 3/3
   110 | D:1      | Found a faded altar of an unknown god.
   157 | D:1      | Reached XP level 2. HP: 20/20 MP: 5/5
   175 | D:1      | Learned a level 2 spell: Searing Ray
   442 | D:1      | Reached XP level 3. HP: 17/25 MP: 3/6
   453 | D:1      | Reached skill level 1 in Fighting
   654 | D:1      | Reached skill level 1 in Armour
  1011 | D:2      | Reached XP level 4. HP: 27/32 MP: 2/7
  1965 | D:3      | Learned a level 3 spell: Stone Arrow
  2023 | D:3      | Noticed Natasha
  2455 | D:4      | Gained mutation: Your body sometimes deteriorates upon
                  | taking damage. [potion of mutation]
  2456 | D:4      | Lost mutation: Your body sometimes deteriorates upon taking
                  | damage. [potion of mutation]
  2456 | D:4      | Gained mutation: You occasionally lose the ability to drink
                  | potions when taking damage. [potion of mutation]
  2496 | D:4      | Reached XP level 5. HP: 38/38 MP: 1/9
  2583 | D:4      | Lost mutation: You occasionally lose the ability to drink
                  | potions when taking damage. [potion of mutation]
  2583 | D:4      | Gained mutation: You expend magic power (3 MP) to
                  | strengthen your wands. [potion of mutation]
  2583 | D:4      | Gained mutation: You are partially covered in large bone
                  | plates. (SH +4) [potion of mutation]
  2583 | D:4      | Gained mutation: Your muscles are strong. (Str +4, Int/Dex
                  | -1) [potion of mutation]
  2585 | D:5      | Entered Level 5 of the Dungeon
  2588 | D:5      | Noticed an ogre
  2595 | D:5      | Found a snail-covered altar of Cheibriados.
  2609 | D:5      | Killed an ogre
  2610 | D:5      | Reached skill level 3 in Spellcasting
  2610 | D:5      | Reached XP level 6. HP: 44/44 MP: 0/10
  2611 | D:5      | Found a hide-covered altar of Uskayaw.
  2641 | D:5      | You fall into a shaft and drop 1 floor!
  2732 | D:6      | Noticed Prince Ribbit
  3151 | D:6      | Noticed a black bear
  3383 | D:6      | Reached XP level 7. HP: 10/51 MP: 3/12
  3820 | D:6      | Reached skill level 4 in Spellcasting
  4362 | D:7      | Found a runed translucent gate.
  4364 | D:7      | Noticed puyas's ghost (novice NaVM)
  4493 | D:7      | Noticed a wyvern
  4502 | D:7      | Reached XP level 8. HP: 15/60 MP: 6/14
  4503 | D:7      | Killed a wyvern
  4504 | D:7      | Reached skill level 5 in Conjurations
  4622 | D:7      | Found a runed translucent gate.
  4623 | D:7      | Found a runed translucent gate.
  4659 | D:7      | Learned a level 3 spell: Vampiric Draining
  4951 | D:7      | Reached skill level 5 in Spellcasting
  4951 | D:7      | Reached skill level 1 in Earth Magic
  5297 | D:7      | Found a staircase to the Ecumenical Temple.
  5305 | Temple   | Entered the Ecumenical Temple
  5494 | Temple   | Became a worshipper of Kikubaaqudgha
  5614 | D:6      | Reached XP level 9. HP: 65/67 MP: 14/16
  5615 | D:6      | Reached skill level 5 in Fighting
  5675 | D:6      | Reached skill level 5 in Armour
  5747 | D:6      | Killed Prince Ribbit
  5748 | D:6      | Reached skill level 6 in Spellcasting
  6623 | D:4      | Noticed Pikel
  6638 | D:4      | Killed Pikel
  6639 | D:4      | Reached skill level 5 in Earth Magic
  6745 | D:4      | Reached * piety under Kikubaaqudgha
  6745 | D:4      | Received a gift from Kikubaaqudgha
  6749 | D:4      | Learned a level 2 spell: Sublimation of Blood
  6806 | D:4      | Reached skill level 7 in Spellcasting
  6953 | D:3      | Killed Natasha
  7026 | D:3      | Noticed Natasha
  7030 | D:3      | Killed Natasha
  7108 | D:3      | Noticed Natasha
  7112 | D:3      | Killed Natasha
  7260 | D:7      | Reached XP level 10. HP: 59/74 MP: 17/20
  7321 | D:8      | Identified the +2 pair of boots "Ruitiox" {Rampage rC+}
  7345 | D:8      | Noticed an elephant
  7350 | D:8      | You fall into a shaft and drop 2 floors!
  7350 | D:10     | Entered Level 10 of the Dungeon
  7374 | D:10     | Noticed a two-headed ogre
  7375 | D:10     | Noticed a two-headed ogre
  7415 | D:10     | Killed a two-headed ogre
  7510 | D:10     | Killed a two-headed ogre
  7632 | D:10     | Reached skill level 8 in Spellcasting
  7783 | D:10     | Reached ** piety under Kikubaaqudgha
  8088 | D:9      | Reached skill level 9 in Spellcasting
  8412 | D:9      | Reached XP level 11. HP: 68/79 MP: 24/24
  8598 | D:9      | Reached *** piety under Kikubaaqudgha
  8598 | D:9      | Received a gift from Kikubaaqudgha
  8599 | D:9      | Reached skill level 1 in Shields
  8599 | D:9      | Reached skill level 10 in Spellcasting
  8604 | D:9      | Learned a level 4 spell: Dispel Undead
  9015 | D:8      | Noticed Grum
  9020 | D:8      | Killed Grum
  9085 | D:8      | Reached skill level 5 in Shields
  9111 | D:8      | Killed an elephant
  9313 | D:8      | Found Monam's General Store.
  9425 | D:8      | Learned a level 3 spell: Mephitic Cloud
  9446 | D:8      | Found a staircase to the Lair.
  9548 | D:8      | You fall into a shaft and drop 2 floors!
  9785 | D:11     | Reached skill level 1 in Necromancy
  9785 | D:11     | Noticed Gastronok
  9797 | D:11     | Killed Gastronok
  9805 | D:11     | Noticed a cyclops
  9815 | D:11     | Reached **** piety under Kikubaaqudgha
  9979 | D:11     | Noticed a manticore
  9983 | D:11     | Killed a manticore
  9996 | D:11     | Reached skill level 5 in Necromancy
 10041 | D:11     | Noticed a two-headed ogre
 10050 | D:11     | Killed a two-headed ogre
 10051 | D:11     | Reached XP level 12. HP: 76/86 MP: 22/26
 10402 | D:12     | Noticed Lodul
 10727 | D:12     | Killed Lodul
 10757 | D:12     | Found a staircase to the Orcish Mines.
 10878 | D:12     | Noticed Urug
 10892 | D:12     | Killed Urug
 10893 | D:12     | Reached skill level 1 in Poison Magic
 10912 | D:12     | Noticed a two-headed ogre
 10932 | D:12     | Killed a two-headed ogre
 10933 | D:12     | Reached skill level 1 in Air Magic
 10997 | D:12     | Noticed Fannar
 11086 | D:12     | Killed Fannar
 11479 | Orc:1    | Entered Level 1 of the Orcish Mines
 11533 | Orc:1    | Noticed a two-headed ogre
 11551 | Orc:1    | Killed a two-headed ogre
 11552 | Orc:1    | Reached XP level 13. HP: 71/78 MP: 26/27
 11595 | Orc:1    | Reached ***** piety under Kikubaaqudgha
 11780 | Orc:1    | Noticed an orc warlord
 11925 | Orc:1    | Found a frozen archway.
 11934 | IceCv    | Entered an ice cave
 12101 | IceCv    | HP: 4/85 [polar bear (22)]
 12102 | IceCv    | Slain by a polar bear

Illustrated notes

Levels and vault maps discovered:
D:1:      dpeg_arrival_connections, layout_loops_ring,
          hellmonk_ecumenical_altar_lost_god, minmay_misc_feat_pillars
D:2:      layout_basic, due_unseen_surprise
D:3:      layout_loops_cross, uniq_natasha
D:4:      layout_basic, uniq_pikel
D:5:      layout_basic, mainiacjoe_overflow_swirl
D:6:      layout_loops_ring, uniq_prince_ribbit1
D:7:      layout_basic, minmay_temple_entry_glassed_door,
          gammafunk_ghost_nasty_kobolds
D:8:      layout_cave_pools, david_lair_generic, serial_shops,
          nicolae_shop_crystal, uniq_grum
D:9:      layout_long_grid, kennysheep_minor_cross
D:10:     layout_basic
D:11:     layout_rooms, uniq_gastronok
D:12:     layout_small_grid, orc_0_dummy, uniq_lodul, uniq_urug, uniq_fannar
Temple:   nicolae_temple_slightly_damp_pantheon
Orc:1:    layout_caves, portal_ice_cave_entry_imps
IceCv:    ice_cave_small_giant

Skill      XL: |  1  2  3  4  5  6  7  8  9 10 11 12 13 |
---------------+----------------------------------------+-----
Dodging        | 2 3 4 |  4.5
Fighting       | 1 2 3 4 5 6 |  6.5
Armour         | 1 2 3 4 5 6 |  6.5
Stealth        | 3 4 |  4.0
Conjurations   | 4 5 6 |  6.0
Spellcasting   | 3 4 5 7 9 10 | 10.0
Earth Magic    | 2 6 9 |  9.0
Ranged Weapons | 3 4 |  4.0
Shields        | 9 |  9.0
Necromancy     | 6 9 |  9.0
Poison Magic   | 3 4 |  4.7
Air Magic      | 2 |  2.8

Action                     |  1- 3 |  4- 6 |  7- 9 | 10-12 | 13-15 || total
---------------------------+-------+-------+-------+-------+-------++-------
  Melee: Unarmed           |     4 |       |       |       |       ||     4
         Staff             |       |       |     5 |       |       ||     5
         Punch             |       |       |     1 |       |       ||     1
         Flail             |       |       |       |     6 |       ||     6
         Falchion          |       |       |       |    10 |       ||    10
   Fire: Sling             |    59 |    57 |       |       |       ||   116
         Shortbow          |       |       |    76 |   186 |    39 ||   301
   Cast: Magic Dart        |    17 |    19 |     4 |    11 |       ||    51
         Searing Ray       |     5 |    18 |    36 |    33 |    16 ||   108
         Stone Arrow       |       |       |    16 |   157 |    11 ||   184
         Dispel Undead     |       |       |       |     5 |       ||     5
         Vampiric Draining |       |       |       |     3 |    14 ||    17
Ability: Dig               |       |     1 |       |     1 |     2 ||     4
         Shaft Self        |       |     1 |       |     1 |       ||     2
    Use: Scroll            |       |     6 |     5 |     3 |     1 ||    15
         Potion            |       |     3 |       |       |     1 ||     4
 Armour: Robe              |     3 |     8 |    12 |    31 |    22 ||    76
  Dodge: Dodged            |    22 |    30 |    51 |    91 |    37 ||   231
  Block: Other             |       |     8 |    11 |    14 |       ||    33
         Buckler           |       |       |       |    55 |    57 ||   112
